 Dungeon Crawl Stone Soup version 0.29-a0-323-g050149af67 (webtiles) character file.

Game seed: 2806003545562153325

80 kae the Gusty (level 4, 0/39 HPs)
             Began as an Ogre Air Elementalist on Apr 10, 2022.
             Slain by Pargi (2 damage)
             ... in a sewer.
             The game lasted 00:02:31 (3701 turns).

kae the Gusty (Ogre Air Elementalist)               Turns: 3701, Time: 00:02:31

Health: 0/39       AC:  3    Str: 12    XL:     4   Next: 39%
Magic:  6/8        EV:  9    Int: 18    God:
Gold:   97         SH:  0    Dex:  9    Spells: 3/9 levels left

rFire   + . .      SeeInvis .   l - staff of fire
rCold   . . .      Faith    .   (no shield)
rNeg    . . .      Spirit   .   a - +0 robe
rPois   .          Reflect  .   (helmet restricted)
rElec   .          Harm     .   (no cloak)
rCorr   .          Rampage  .   (gloves unavailable)
Will    +....                   (boots unavailable)
Stlth   +.........              (no amulet)
HPRegen 0.13/turn               i - ring of willpower
MPRegen 0.11/turn               (no ring)

@: mighty
A: large, unfitting armour, tough skin 1
a: no special abilities


You were in a sewer.
You visited 1 branch of the dungeon, and saw 3 of its levels.
You also visited: Sewer.

You collected 97 gold pieces.

Inventory:

Hand Weapons
 f - a +0 short sword
Armour
 a - a +0 robe (worn)
Magical Staves
 l - a staff of fire (weapon)
Jewellery
 i - a ring of willpower (left hand)
Scrolls
 c - a scroll of blinking
 d - a scroll of fear
 e - a scroll of noise {unknown}
 j - 2 scrolls of immolation
Potions
 b - a potion of magic
 g - a potion of brilliance {unknown}
 k - 4 potions of heal wounds
 o - a potion of curing
 p - a potion of flight
 q - a potion of might


   Skills:
 - Level 1.7 Dodging
 - Level 1.4 Stealth
 + Level 3.2 Spellcasting
 + Level 1.9 Conjurations
 * Level 3.7 Air Magic


You had 3 spell levels left.
You knew the following spells:

 Your Spells              Type           Power      Damage    Failure   Level
a - Shock                 Conj/Air       52%        1d6       4%          1
b - Static Discharge      Conj/Air       13%        N/A       8%          2
c - Swiftness             Air            16%        N/A       10%         3

Your spell library contained the following spells:

 Spells                   Type           Power      Damage    Failure   Level
 Mephitic Cloud           Conj/Pois/Air  9%         N/A       22%         3
 Ignite Poison            Fire/Tmut/Pois 4%         N/A       43%         3
 Airstrike                Air            8%         N/A       32%         4
 Freezing Cloud           Conj/Ice/Air   4%         6-21      90%         5


Dungeon Overview and Level Annotations

Branches:
Dungeon (3/15)              Sewer (1/1)

Altars:
Ashenzari

Annotations:
Sewer Pargi


Innate Abilities, Weirdness & Mutations

You are too large for most types of armour.
You have tough skin. (AC +1)


Message History

You feel very mighty all of a sudden.
You hit Pargi!
Pargi is moderately wounded.
Pargi looks around nervously.
Pargi barely misses you. Pargi completely misses you. Pargi closely misses you.
Pargi misses you. Pargi claws you. Pargi barely misses you.
You barely miss Pargi.
Pargi is lightly wounded.
Pargi bites you. Pargi closely misses you. Pargi claws you.
You hit Pargi!
Pargi is heavily wounded.
Pargi bites you. Pargi claws you but does no damage. Pargi barely misses you.
You closely miss Pargi.
Pargi is heavily wounded.
Pargi bites you. Pargi claws you. Pargi claws you but does no damage.
You barely miss Pargi.
Pargi is heavily wounded.
Pargi bites you! Pargi barely misses you. Pargi claws you.
You hit Pargi!
Pargi is severely wounded.
Pargi bites you. Pargi closely misses you. Pargi barely misses you.
Pargi bites you. Pargi claws you but does no damage. Pargi claws you.
* * * LOW HITPOINT WARNING * * *
You miss Pargi.
Pargi is severely wounded.
Pargi bites you.
* * * LOW HITPOINT WARNING * * *
Pargi claws you.
* * * LOW HITPOINT WARNING * * *
Pargi closely misses you.
Casting: Static Discharge (safe; 8% risk of failure)
Confirm with . or Enter, or press ? or * to list all spells.
Pargi is struck by an arc of lightning.
Pargi is severely wounded.
You are struck by an arc of lightning.
* * * LOW HITPOINT WARNING * * *
The lightning grounds out.
Pargi closely misses you. Pargi claws you.
* * * LOW HITPOINT WARNING * * *
Pargi claws you.
You die...

###### # ##.≈....## #[
###... ..≈..###
$≈##.... #.≈≈..###
###.≈..≈ #≈≈...##
#.≈...≈## ##..≈≈.≈
#≈.T@≈### ###≈≈...##
#$.##...≈≈####.≈.≈.###
###....≈...≈.###
###......### ########


You could see Pargi.

Vanquished Creatures
  3 adders
  3 worms
  2 dart slugs (D:2)
  2 bats (D:2)
  An endoplasm (D:1)
  4 giant cockroaches
  A goblin (D:1)
  3 hobgoblins
  3 jackals (Sewer)
  4 quokkas
  2 ball pythons
  2 frilled lizards
  4 kobolds
  7 rats
41 creatures vanquished.

Notes
Turn   | Place    | Note
-------+----------+-------------------------------------------
     0 | D:1      | kae the Ogre Air Elementalist began the quest for the Orb.
     0 | D:1      | Reached XP level 1. HP: 16/16 MP: 3/3
   197 | D:1      | Reached skill level 1 in Conjurations
   400 | D:1      | Reached XP level 2. HP: 24/24 MP: 1/5
  1059 | D:2      | Learned a level 2 spell: Static Discharge
  1149 | D:2      | Reached XP level 3. HP: 31/31 MP: 1/7
  1215 | D:2      | Found a faded altar of an unknown god.
  1268 | D:2      | Learned a level 3 spell: Swiftness
  3014 | D:2      | Reached XP level 4. HP: 39/39 MP: 4/8
  3382 | D:3      | Found a broken altar of Ashenzari.
  3409 | D:3      | Found a glowing drain.
  3431 | Sewer    | Entered a sewer
  3690 | Sewer    | Noticed Pargi
  3701 | Sewer    | Slain by Pargi

Illustrated notes

Levels and vault maps discovered:
D:1:      beargit_arrival_diablo_church, layout_basic
D:2:      layout_loops_ring, hellmonk_ecumenical_altar_run_dry
D:3:      layout_loops_ring, mainiacjoe_overflow_alcove_2,
          ashenzari_conservatory_becter, portal_sewer_entry_f,
          dk_noncrumbling_4, dreamdust_wishing_well
Sewer:    sewer_the_moccasin

Skill      XL: |  1  2  3 |
---------------+----------+-----
Conjurations   | 1 |  1.9
Air Magic      | 3 |  3.7
Spellcasting   | 3 |  3.2
Dodging        | |  1.7
Stealth        | |  1.4

Action                   |  1- 3 |  4- 6 || total
-------------------------+-------+-------++-------
Melee: Short sword       |     8 |       ||     8
       Staff             |    37 |    27 ||    64
 Cast: Shock             |    70 |     8 ||    78
       Static Discharge  |    15 |     5 ||    20
  Use: Scroll            |       |    11 ||    11
       Potion            |       |     1 ||     1
 Stab: Sleeping          |       |     1 ||     1
Armor: Robe              |    26 |    18 ||    44
Dodge: Dodged            |    23 |    41 ||    64

Table legend: (Time is in decaauts)
 A = Elapsed time spent in this place.
 B = Non-inter-level travel time spent in this place.
 C = Inter-level travel time spent in this place.
 D = Time resting spent in this place.
 E = Time spent auto-exploring this place.
 F = Levels seen in this place.
 G = Mean time per level.
                   A        B        C        D        E       F      G
               +--------+--------+--------+--------+--------+-----+--------+
         Total |   3728 |   3595 |    133 |    917 |   2158 |   4 |  932.0 |
       Dungeon |   3451 |   3318 |    133 |    917 |   1912 |   3 | 1150.3 |
         Sewer |    276 |    276 |      0 |      0 |    246 |   1 |  276.0 |
               +--------+--------+--------+--------+--------+-----+--------+

Top non-repeatable levels by time:
     D:1: 1696 daAuts
     D:2: 1622 daAuts
   Sewer: 276 daAuts
     D:3: 131 daAuts
